 Dungeon Crawl Stone Soup version 0.26-a0-576-gcfaa98f945 (webtiles) character file.

Game seed: 2706201283349179839

7 ANON1729 the Sneak (level 1, -5/18 HPs)
             Began as a Demonspawn Delver on Aug 22, 2020.
             Slain by a howler monkey (6 damage)
             ... on level 6 of the Dungeon.
             The game lasted 00:00:24 (72 turns).

ANON1729 the Sneak (Demonspawn Delver)                Turns: 72, Time: 00:00:24

Health: -5/18      AC:  3    Str: 12    XL:     1   Next: 83%
Magic:  1/1        EV: 12    Int: 11    God:
Gold:   0          SH:  0    Dex: 14    Spells: 0/0 levels left

rFire    . . .     SeeInvis .   a - +0 falchion
rCold    . . .     Faith    .   (no shield)
rNeg     . . .     Spirit   .   b - +0 leather armour
rPois    .         Reflect  .   (no helmet)
rElec    .         Harm     .   (no cloak)
rCorr    .                      (no gloves)
MR       .....                  (no boots)
Stlth    +++.......             (no amulet)
HPRegen  0.06/turn              (no ring)
MPRegen  0.07/turn              (no ring)

@: lethally poisoned (-5 -> -10), hasted, very quick
A: no striking features
a: no special abilities


You were on level 6 of the Dungeon.
You visited 1 branch of the dungeon, and saw 2 of its levels.

Inventory:

Hand Weapons
 a - a +0 falchion (weapon)
Armour
 b - a +0 leather armour (worn)
Wands
 g - a wand of digging (3)
Scrolls
 c - a scroll of fog
 d - a scroll of magic mapping
 e - a scroll of fear
 h - a scroll of remove curse {unknown}


   Skills:
 + Level 3.1 Fighting
 + Level 1.9 Long Blades
 + Level 1.9 Dodging
 + Level 4.6 Stealth


You couldn't memorise any spells.
You didn't know any spells.
Your spell library was empty.

Dungeon Overview and Level Annotations

Branches:
Dungeon (6/15)
 Temple: D:4-7

Altars:

Annotations:
D:5 Grinder


Message History

The jackal closely misses you. The adder bites you but does no damage.
The howler monkey hoots and howls with incredible vigour!
The jackal barks!
You hit the adder but do no damage.
The adder is moderately wounded.
The jackal completely misses you.
You riposte.
You hit the jackal.
The jackal is severely wounded.
The howler monkey closely misses you.
You riposte.
You hit the howler monkey.
The howler monkey is heavily wounded.
The jackal closely misses you.
You riposte.
You hit the jackal.
You kill the jackal!
The adder bites you.
* * * LOW HITPOINT WARNING * * *
You miss the adder.
The adder is moderately wounded.
* * * LOW HITPOINT WARNING * * *
You feel sick.
The jackal bites you but does no damage.
The howler monkey hits you.
You die...

#.###...#####.....
+......(..........
.
#.#'############..
..### #.....# ###
.....##.....#
............#
......5.....#
.....hhhh...# .
.....##@#+### ..
h##.# #S# ... #.
#.# .... # ... .##
.. .. #..


You could see 2 howler monkeys, an adder, a white imp and 2 jackals.

Vanquished Creatures
  An adder skeleton (D:6)
  An orc (D:6)
  A jackal (D:6)
3 creatures vanquished.

Notes
Turn   | Place    | Note
-------+----------+-------------------------------------------
     0 | D:5      | ANON1729 the Demonspawn Delver began the quest for the Orb.
     0 | D:5      | Reached XP level 1. HP: 18/18 MP: 1/1
     2 | D:5      | Noticed Grinder
    37 | D:6      | Noticed a quasit
    37 | D:6      | Noticed a sky beast
    37 | D:6      | Noticed a howler monkey
    62 | D:6      | Noticed a howler monkey
    72 | D:6      | Slain by a howler monkey

Illustrated notes

Levels and vault maps discovered:
D:5:      layout_basic, kennysheep_little_box, serial_shops, shop,
          minmay_manual_maat, uniq_grinder
D:6:      layout_basic, minmay_temple_entry_mist, basic_altar,
          minmay_mini_ossuary

Action                   || total
-------------------------++-------
Melee: Falchion          ||    13
  Use: Potion            ||     1
Armor: Leather armour    ||    10
Dodge: Dodged            ||    13
       Rpst.: Falchion   ||     8

Table legend: (Time is in decaauts)
 A = Elapsed time spent in this place.
 B = Non-inter-level travel time spent in this place.
 C = Inter-level travel time spent in this place.
 D = Time resting spent in this place.
 E = Time spent auto-exploring this place.
 F = Levels seen in this place.
 G = Mean time per level.
                   A        B        C        D        E       F      G
               +--------+--------+--------+--------+--------+-----+--------+
         Total |     72 |     72 |      0 |      0 |     20 |   2 |   36.0 |
       Dungeon |     72 |     72 |      0 |      0 |     20 |   2 |   36.0 |
               +--------+--------+--------+--------+--------+-----+--------+

Top non-repeatable levels by time:
     D:6: 64 daAuts
     D:5: 8 daAuts
